 Seeded DCSS version 0.30.1-9-gdf580d7c3d (webtiles) character file.

Game seed: 7229806256980976716 (custom seed)

1674 Psyclone the Thaumaturge (level 8, -3/36 HPs)
             Began as a Deep Elf Conjurer on Sept 28, 2023.
             Was an Initiate of Ashenzari.
             Killed by divine providence
             ... invoked by an orc priest
              (11 damage)
             ... on level 6 of the Dungeon.
             The game lasted 00:22:58 (6551 turns).

Psyclone the Thaumaturge (Deep Elf Conjurer)        Turns: 6551, Time: 00:22:59

Health: -3/36      AC: 12    Str:  5    XL:     8   Next: 70%
Magic:  30/33      EV: 12    Int: 26    God:    Ashenzari [......]
Gold:   271        SH:  0    Dex: 13    Spells: 21/28 levels left

rFire   . . .        (no weapon)
rCold   . . .        (no shield)
rNeg    + + .        a - +0 robe
rPois   .            (no helmet)
rElec   .            (no cloak)
rCorr   .            n - +1 pair of gloves
SInv    .            f - +3 pair of boots of the Old and Reckless {rN+}
Will    .....        (no amulet)
Stlth   +            e - ring of Incredulity {rN+ MP+9 AC+4 Str+3 Stlth-}
HPRegen 0.26/turn    (no ring)
MPRegen 0.23/turn

%: no passive effects
@: no status effects
A: hooves 1, frail 1, weak 1
a: Renounce Religion, Curse Item


You were on level 6 of the Dungeon.
You worshipped Ashenzari.
Ashenzari was noncommittal.
You visited 2 branches of the dungeon, and saw 7 of its levels.
You also visited: Ossuary.

You collected 271 gold pieces.

Inventory:

Missiles
 c - a throwing net {!f}
Armour
 a - a +0 robe (worn)
 f - the +3 pair of boots of the Old and Reckless (worn) {rN+}
   (You acquired it on level 1 of the Dungeon)

   rN:        It protects you from negative energy.
 n - a +1 pair of gloves (worn)
Magical Staves
 p - a staff of earth
Jewellery
 e - the ring of Incredulity (left hand) {rN+ MP+9 AC+4 Str+3 Stlth-}
   (You acquired it on level 1 of the Dungeon)

   [ring of protection]

   AC:        It affects your AC (+4).
   Str:       It affects your strength (+3).
   rN:        It protects you from negative energy.
   MP:        It affects your magic capacity (+9).
   Stlth:     It makes you less stealthy.
Scrolls
 d - 2 scrolls of amnesia
 h - a scroll of enchant armour
 j - a scroll of blinking
 k - a scroll of poison
 m - a scroll of torment {unknown}
 s - 2 scrolls of vulnerability
 v - 2 scrolls of silence {!r}
 y - a scroll of magic mapping
Potions
 b - a potion of magic
 g - 2 potions of flight
 i - 5 potions of curing
 l - a potion of brilliance
 o - 2 potions of cancellation
 q - a potion of heal wounds
 r - 2 potions of might
 t - 2 potions of lignification
 w - a potion of berserk rage
 x - a potion of ambrosia
 z - 4 potions of attraction
 A - a potion of degeneration


   Skills:
 - Level 2.4 Dodging
 - Level 2.4 Stealth
 + Level 10.7 Spellcasting
 + Level 9.7 Conjurations


You had 21 spell levels left.
You knew the following spells:

 Your Spells              Type           Power      Damage    Failure   Level
a - Magic Dart            Conj           100%       1d8       1%          1
b - Searing Ray           Conj           100%       2d8       1%          2
d - Fulminant Prism       Conj/Hex       19%        3d10      6%          4

Your spell library contained the following spells:

 Spells                   Type           Power      Damage    Failure   Level
 Dazzling Flash           Conj/Hex       78%        N/A       1%          3
 Mephitic Cloud           Conj/Pois/Air  30%        N/A       3%          3
 Sting                    Tmut/Pois      52%        1d5       4%          1
 Cigotuvi's Dreadful Rot  Necr/Pois/Air  26%        N/A       6%          2
 Poisonous Vapours        Pois/Air       26%        N/A       6%          2
 Iskenderun's Mystic Bla  Conj/Tloc      39%        2d9       6%          4
 Freezing Cloud           Conj/Ice/Air   15%        6-21      30%         5
 Dispel Undead            Necr           13%        3d9       38%         4
 Olgreb's Toxic Radiance  Pois           13%        N/A       38%         4
 Death Channel            Necr           6%         N/A       100%        6


Dungeon Overview and Level Annotations

Branches:
Dungeon (6/15) Zot: 26492  Temple (1/1) D:4 Zot: 5860 Ossuary (visited)

Altars:
Ashenzari
Cheibriados
Dithmenos
Elyvilon
Fedhas
Hepliaklqana
Kikubaaqudgha
Makhleb
Nemelex Xobeh
Okawaru
Qazlal
Ru
Sif Muna
Uskayaw
Vehumet
Wu Jian
Xom
Yredelemnul
Zin
The Shining One

Shops:
D:6 :

Annotations:
D:3 3 runed translucent doors, Rem's ghost, amateur OpTm


Innate Abilities, Weirdness & Mutations

You have large cloven feet.
You are frail. (-10% HP)
You are weak. (Str -2)


Message History

Unknown command.
An orc priest, an orc and an electric eel come into view.
The electric eel shoots out a bolt of lightning at you!
The bolt of electricity hits you!
The orc priest moves out of view.
You take 10 damage, and have 26/36 hp.
MASSIVE DAMAGE!!
You enter the shallow water.
Moving in this stuff is going to be slow.
An orc comes into view. It is wielding a +0 club.
The electric eel shoots out a bolt of lightning at you!
The bolt of electricity hits the orc!
The orc dies!
The bolt of electricity misses you.
The orc throws a stone.
The stone misses you.
The electric eel shoots out a bolt of lightning at you!
The bolt of electricity hits you.
Things that are here:
a +0 club; an orc corpse You take 4 damage, and have 23/36 hp.
Casting: Magic Dart (safe; 1% risk of failure)
Confirm with . or Enter, or press ? or * to list all spells.
The spell is quite dangerous to miscast (6% risk of failure)!
Continue anyway?
Aiming: Fulminant Prism (quite dangerous; 6% risk of failure)
Press: ? - help, Dir - move target You conjure a prism of explosive energy!
A fulminant prism comes into view.
The electric eel shoots out a bolt of lightning at you!
The bolt of electricity hits you!
Ashenzari invites you to partake of a vision and a curse of companions and introspection.
You take 8 damage, and have 15/36 hp.
MASSIVE DAMAGE!!
You now have 29/33 mp.
The electric eel shoots out a bolt of lightning at you!
The bolt of electricity hits you!
* * * LOW HITPOINT WARNING * * *
Your fulminant prism crackles loudly.
You take 7 damage, and have 8/36 hp.
Your fulminant prism explodes!
The blast of energy engulfs the electric eel!!
You kill the electric eel!
The orc priest invokes the aid of Beogh against you.
Beogh smites you!
You die...

~P♣#..# .#...#..#.##.# .#
~~♣.... ........#....###.#
~♣.... .....................
~~.#..#.#.#~.###.###..####.##
~♣........~~~ #.# #..#
~~~#..#~~♣~~~♣##.# #..#
~~♣♣.. ♣~~~o~~♣#.###..####
P~♣ ♣~≈~~~~♣........... ~~♣
♣♣~≈~~~~♣#@......... ~~P♣
~P≈≈≈~~)o...........
~~~~≈~~≈≈≈≈~~~♣#####..###.
~~~≈~≈~~~≈~≈~♣. ..#
..........).. .. .#
S~~~~~~~~~~~~ ... ..
l≈~~≈≈~~~~~~~ ##.. ## ~~≈
~~P~~~~ ..# ~~≈ ~~~~♣♣. .#


You could see an orc priest.

Vanquished Creatures
  2 hornet zombies (Ossuary)
  4 scorpions
  2 wyvern zombies (Ossuary)
  2 water moccasin zombies (Ossuary)
  3 electric eels (D:6)
  2 centaur zombies (Ossuary)
  3 bullfrog zombies (Ossuary)
  A jelly (D:2)
  3 orc priests
  An iguana (D:6)
  2 sleepcaps
  An orc wizard (D:6)
  3 killer bee zombies (Ossuary)
  16 mummies
  2 howler monkey zombies (Ossuary)
  7 adders
  A shadow imp (D:5)
  An ufetubus (D:3)
  3 worms
  5 orcs
  4 endoplasms
  6 giant cockroaches
  4 goblins
  8 hobgoblins
  20 jackals
  A kobold (D:4)
  4 quokkas
  6 ball pythons
  5 bats
  A frilled lizard (D:1)
  A goblin zombie (D:4)
  An orc zombie (D:4)
  4 rats
129 creatures vanquished.

Vanquished Creatures (others)
  An orc (D:6)
  7 fulminant prisms
8 creatures vanquished.

Grand Total: 137 creatures vanquished

Notes
Turn   | Place    | Note
-------+----------+-------------------------------------------
     0 | D:1      | Psyclone the Deep Elf Conjurer began the quest for the Orb.
     0 | D:1      | Reached XP level 1. HP: 10/10 MP: 6/6
    87 | D:1      | Identified 3 scrolls of acquirement
    87 | D:1      | Acquired a Young Poisoner's Handbook
    88 | D:1      | Acquired the +3 pair of boots of the Old and Reckless {rN+}
    89 | D:1      | Acquired the ring of Incredulity {rN+ MP+9 AC+4 Str+3
                  | Stlth-}
   283 | D:1      | Reached XP level 2. HP: 15/15 MP: 8/8
   391 | D:1      | Learned a level 2 spell: Searing Ray
   952 | D:1      | Gained mutation: You are somewhat resistant to further
                  | mutation. [potion of mutation]
   952 | D:1      | Gained mutation: You occasionally lose the ability to read
                  | scrolls when taking damage. [potion of mutation]
  1051 | D:2      | Reached skill level 4 in Spellcasting
  1051 | D:2      | Reached skill level 5 in Conjurations
  1051 | D:2      | Reached XP level 3. HP: 19/19 MP: 10/10
  1489 | D:2      | Reached XP level 4. HP: 24/24 MP: 12/12
  1685 | D:2      | Reached skill level 5 in Spellcasting
  2219 | D:3      | Found a runed translucent gate.
  2219 | D:3      | Found a runed translucent gate.
  2219 | D:3      | Found a runed translucent gate.
  2227 | D:3      | Noticed Rem's ghost (amateur OpTm)
  2254 | D:3      | Reached XP level 5. HP: 28/28 MP: 14/14
  2259 | D:3      | Learned a level 4 spell: Fulminant Prism
  2275 | D:3      | Found a glowing silver altar of Zin.
  2457 | D:3      | Lost mutation: You occasionally lose the ability to read
                  | scrolls when taking damage. [potion of mutation]
  2457 | D:3      | Lost mutation: You are somewhat resistant to further
                  | mutation. [potion of mutation]
  2457 | D:3      | Gained mutation: You are frail. (-10% HP) [potion of
                  | mutation]
  2457 | D:3      | Gained mutation: You are weak. (Str -2) [potion of
                  | mutation]
  2457 | D:3      | Gained mutation: You have large cloven feet. [potion of
                  | mutation]
  2829 | D:4      | Reached skill level 6 in Spellcasting
  3023 | D:4      | Found a sand-covered staircase.
  3068 | D:4      | Found a staircase to the Ecumenical Temple.
  3072 | D:4      | Reached XP level 6. HP: 28/28 MP: 17/17
  3087 | Temple   | Entered the Ecumenical Temple
  3197 | Temple   | Became a worshipper of Ashenzari the Shackled
  3240 | D:4      | Found a stormy altar of Qazlal.
  3313 | Ossuary  | Entered an ossuary
  3540 | Ossuary  | Reached skill level 7 in Spellcasting
  3741 | Ossuary  | Reached XP level 7. HP: 28/32 MP: 19/19
  3860 | Ossuary  | Reached skill level 8 in Spellcasting
  4149 | Ossuary  | Reached skill level 9 in Spellcasting
  4266 | Ossuary  | Reached XP level 8. HP: 36/36 MP: 23/23
  5074 | D:4      | Found a white marble altar of Elyvilon.
  5137 | D:4      | Found a glowing golden altar of the Shining One.
  5519 | D:5      | Entered Level 5 of the Dungeon
  6169 | D:6      | Reached skill level 10 in Spellcasting
  6380 | D:6      | Found Xixtot's Book Boutique.
  6551 | D:6      | Killed from afar by an orc priest

Illustrated notes

Levels and vault maps discovered:
D:1:      spicycebolla_arrival_ecumenical, layout_loops_ring
D:2:      layout_basic
D:3:      layout_rooms, mainiacjoe_overflow_paths, gammafunk_ghost_necromancy
D:4:      layout_rooms, tso_metal_star, mainiacjoe_overflow_catwalk,
          elyvilon_altar_5, minmay_temple_entry_stoned_glass,
          nicolae_ossuary_entry_giza, minmay_misc_feat_square, minivault_4
D:5:      layout_basic
D:6:      kennysheep_six_static_rooms, layout_basic, serial_shops,
          nicolae_shop_stone, serial_bayou_lagoon_b
Temple:   kb_temple_of_zot

Skill      XL: |  1  2  3  4  5  6  7  8 |
---------------+-------------------------+-----
Spellcasting   | 4 5 6 7 9 10 | 10.7
Conjurations   | 5 6 7 8 9 |  9.7
Dodging        | |  2.4
Stealth        | |  2.4

Action                     |  1- 3 |  4- 6 |  7- 9 || total
---------------------------+-------+-------+-------++-------
  Melee: Unarmed           |       |     1 |       ||     1
   Cast: Magic Dart        |    76 |    84 |    57 ||   217
         Searing Ray       |       |    24 |    27 ||    51
         Fulminant Prism   |       |       |     7 ||     7
    Use: Scroll            |     4 |       |    18 ||    22
         Potion            |     2 |     1 |     3 ||     6
 Armour: Robe              |     7 |    15 |    19 ||    41
  Dodge: Dodged            |     6 |    22 |    32 ||    60
